3AA
TACOMA FUR TRADERS @ OTTAWA NATIONALS
05/02/2051
 
TOP OF THE 1ST
Tacoma Fur Traders batting - Pitching for Ottawa Nationals : LHP Hong-bin Hark
Pitching: LHP Hong-bin Hark
Batting: RHB José González 0-0: Ball
1-0: Called Strike
1-1: Foul Ball, location: 2F
1-2: Ball
2-2: Foul Ball, location: 2F
2-2: Foul Ball, location: 2F
2-2: Ground out 4-3 (Groundball, 4, EV 82.5 MPH)
Batting: LHB David Correa 0-0: Ball
1-0: Called Strike
1-1: Foul Ball, location: 2F
1-2: Ball
2-2: Strikes out swinging
Batting: RHB Santiago García 0-0: DOUBLE (Groundball, 5L, EV 96.2 MPH)
Batting: RHB Clay Winters 0-0: Ball
1-0: Ball
2-0: Foul Ball, location: 2F
2-1: Foul Ball, location: 2F
2-2: Foul Ball, location: 2F
2-2: Ball
3-2: Base on Balls
Batting: RHB Don Hansen 0-0: Called Strike
0-1: Foul Ball, location: 2F
0-2: Ball
1-2: Strikes out swinging
Top of the 1st over - 0 runs, 1 hit, 0 errors, 2 left on base; Tacoma 0 - Ottawa 0
BOTTOM OF THE 1ST
Ottawa Nationals batting - Pitching for Tacoma Fur Traders : LHP Fernando Ramírez
Pitching: LHP Fernando Ramírez
Batting: RHB Ramiro Peralta 0-0: Ball
1-0: SINGLE (Line Drive, 7S, EV 111.2 MPH)
Batting: RHB Jon Branch 0-0: Ground out 5-3 (Groundball, 56S, EV 68.1 MPH)
Ramiro Peralta to second
Batting: LHB Tyler Adams 0-0: Ball
Passed Ball!
Ramiro Peralta to third
1-0: Ball
2-0: Called Strike
2-1: SINGLE (Line Drive, 7S, EV 101.2 MPH)
Ramiro Peralta scores
Batting: LHB Austin Kirkpatrick 0-0: Foul Ball, location: 2F
0-1: Ball
1-1: Ball
2-1: SINGLE (Groundball, 4MS, EV 66.2 MPH) (infield hit)
Tyler Adams to second
Batting: RHB Jonathan Price 0-0: SINGLE (Line Drive, 8LS, EV 86.9 MPH)
Tyler Adams to third
Austin Kirkpatrick to second
Batting: LHB Victor Porter 0-0: Ball
1-0: Fly out, F9 (Flyball, 89D, EV 109.4 MPH)
Runner from 3rd tags up, SCORES, no throw by RF
Batting: RHB Colm Sergeant 0-0: SINGLE (Groundball, 5D, EV 103.1 MPH)
Austin Kirkpatrick to third
Jonathan Price to second
Runner from 3rd tries for Home, SAFE, throw by LF to home
Batting: RHB Tim Christensen 0-0: Called Strike
0-1: Ball
1-1: Ball
2-1: Ball
3-1: Called Strike
3-2: SINGLE (Line Drive, 8RS, EV 111.2 MPH)
Jonathan Price to third
Colm Sergeant to second
Jonathan Price scores
Colm Sergeant to third
Batting: RHB Brandon Smith 0-0: Ball
1-0: Ball
2-0: Ground out 6-3 (Groundball, 56, EV 96.9 MPH)
Bottom of the 1st over - 4 runs, 6 hits, 0 errors, 2 left on base; Tacoma 0 - Ottawa 4
TOP OF THE 2ND
Tacoma Fur Traders batting - Pitching for Ottawa Nationals : LHP Hong-bin Hark
Batting: RHB Matthew Burch 0-0: Called Strike
0-1: Foul Ball, location: 2F
0-2: Foul Ball, location: 2F
0-2: Strikes out looking
Batting: LHB Dave Welch 0-0: Called Strike
0-1: Foul Ball, location: 2F
0-2: Ball
1-2: Foul Ball, location: 2F
1-2: Strikes out swinging
Batting: SHB Steve Holden 0-0: Called Strike
0-1: Called Strike
0-2: Ball
1-2: SINGLE (Groundball, 56D, EV 106.2 MPH) (infield hit)
Pinch Runner at 1st Thomas Jones:
Batting: LHB Alberto Valdés 0-0: SINGLE (Groundball, 3D, EV 94.4 MPH)
Thomas Jones to second
Runner from 2nd tries for 3rd, SAFE, throw by RF made to third
Batting: RHB José González 0-0: Called Strike
0-1: Ball
1-1: Ball
2-1: Swinging Strike
2-2: Foul Ball, location: 2F
2-2: Foul Ball, location: 2F
2-2: Foul Ball, location: 2F
2-2: Ball
3-2: Strikes out swinging
Top of the 2nd over - 0 runs, 2 hits, 0 errors, 2 left on base; Tacoma 0 - Ottawa 4
BOTTOM OF THE 2ND
Ottawa Nationals batting - Pitching for Tacoma Fur Traders : LHP Fernando Ramírez
Now at SS: Thomas Jones
Batting: RHB Ramiro Peralta 0-0: Foul Ball, location: 2F
0-1: Ball
1-1: Ball
2-1: Ground out 5-3 (Groundball, 56S, EV 63.8 MPH)
Batting: RHB Jon Branch 0-0: Ball
1-0: Foul Ball, location: 2F
1-1: Called Strike
1-2: Strikes out swinging
Batting: LHB Tyler Adams 0-0: Ball
1-0: Foul Ball, location: 2F
1-1: Ball
2-1: Ball
3-1: Base on Balls
Batting: LHB Austin Kirkpatrick 0-0: SINGLE (Line Drive, 9S, EV 102.5 MPH)
Tyler Adams to second
Batting: RHB Jonathan Price 0-0: Ball
1-0: Foul Ball, location: 2F
1-1: SINGLE (Groundball, 56D, EV 108.1 MPH)
Tyler Adams to third
Austin Kirkpatrick to second
Runner from 3rd tries for Home, SAFE, throw by LF to home
Pitching: RHP Chiah-jen Fu
Batting: LHB Victor Porter 0-0: Swinging Strike
0-1: Foul Ball, location: 2F
0-2: Foul Ball, location: 2F
0-2: Ball
1-2: Strikes out swinging
Bottom of the 2nd over - 1 run, 2 hits, 0 errors, 2 left on base; Tacoma 0 - Ottawa 5
TOP OF THE 3RD
Tacoma Fur Traders batting - Pitching for Ottawa Nationals : LHP Hong-bin Hark
Batting: LHB David Correa 0-0: Foul Ball, location: 2F
0-1: Ball
1-1: Fly out, F7 (Flyball, 7LS, EV 90.0 MPH)
Batting: RHB Santiago García 0-0: Ball
1-0: Called Strike
1-1: Hit by Pitch
Batting: RHB Clay Winters 0-0: Called Strike
0-1: Ball
1-1: Ball
Santiago García is caught stealing 2nd base 2-4
2-1: Ball
3-1: Ground out 6-3 (Groundball, 6MS, EV 68.8 MPH)
Top of the 3rd over - 0 runs, 0 hits, 0 errors, 0 left on base; Tacoma 0 - Ottawa 5
BOTTOM OF THE 3RD
Ottawa Nationals batting - Pitching for Tacoma Fur Traders : RHP Chiah-jen Fu
Batting: RHB Colm Sergeant 0-0: Ball
1-0: Ball
2-0: Ball
3-0: Base on Balls
Batting: RHB Tim Christensen 0-0: Ball
1-0: Foul Ball, location: 2F
1-1: Called Strike
1-2: SINGLE (Groundball, 6MD, EV 105.6 MPH)
Colm Sergeant to second
Batting: RHB Brandon Smith 0-0: Called Strike
0-1: Foul Ball, location: 2F
0-2: Strikes out looking
Batting: RHB Ramiro Peralta 0-0: Called Strike
0-1: Swinging Strike
0-2: SINGLE (Line Drive, 7S, EV 105.6 MPH)
Colm Sergeant to third
Tim Christensen to second
Batting: RHB Jon Branch 0-0: Swinging Strike
0-1: Foul Ball, location: 2F
0-2: Ball
1-2: Strikes out looking
Batting: LHB Tyler Adams 0-0: Fly out, F3 (Popup, 3, EV 73.1 MPH)
Bottom of the 3rd over - 0 runs, 2 hits, 0 errors, 3 left on base; Tacoma 0 - Ottawa 5
TOP OF THE 4TH
Tacoma Fur Traders batting - Pitching for Ottawa Nationals : LHP Hong-bin Hark
Batting: RHB Don Hansen 0-0: SINGLE (Groundball, 34S, EV 72.5 MPH) (infield hit)
Batting: RHB Matthew Burch 0-0: Fielders Choice at 2nd, 6-4 (Groundball, 56, EV 94.4 MPH)
Batting: LHB Dave Welch 0-0: Ball
1-0: Ball
2-0: SINGLE (Groundball, 4MD, EV 103.8 MPH)
Matthew Burch to second
Batting: RHB Thomas Jones 0-0: Called Strike
0-1: Fly out, F9 (Flyball, 9D, EV 86.2 MPH)
Runner from 2nd tags up, SAFE at 3rd with throw by RF
Batting: LHB Alberto Valdés 0-0: Called Strike
0-1: Ball
1-1: Foul Ball, location: 2F
1-2: Ball
2-2: Ground out 4-3 (Groundball, 4, EV 92.5 MPH)
Top of the 4th over - 0 runs, 2 hits, 0 errors, 2 left on base; Tacoma 0 - Ottawa 5
BOTTOM OF THE 4TH
Ottawa Nationals batting - Pitching for Tacoma Fur Traders : RHP Chiah-jen Fu
Batting: LHB Austin Kirkpatrick 0-0: Called Strike
0-1: Ball
1-1: Ground out U3 (Groundball, 34S, EV 81.9 MPH)
Batting: RHB Jonathan Price 0-0: Ball
1-0: Foul Ball, location: 2F
1-1: Ball
2-1: Ball
3-1: Foul Ball, location: 2F
3-2: Foul Ball, location: 2F
3-2: Foul Ball, location: 2F
3-2: Foul Ball, location: 2F
3-2: Foul Ball, location: 2F
3-2: Base on Balls
Batting: LHB Victor Porter 0-0: Ball
1-0: Called Strike
1-1: Foul Ball, location: 2F
1-2: Foul Ball, location: 2F
1-2: Foul Ball, location: 2F
1-2: Ball
2-2: Grounds into double play, 2-4-3 (Groundball, 2L, EV 68.8 MPH)
Bottom of the 4th over - 0 runs, 0 hits, 0 errors, 0 left on base; Tacoma 0 - Ottawa 5
TOP OF THE 5TH
Tacoma Fur Traders batting - Pitching for Ottawa Nationals : LHP Hong-bin Hark
Batting: RHB José González 0-0: Ball
1-0: Foul Ball, location: 2F
1-1: Swinging Strike
1-2: Foul Ball, location: 2F
1-2: Ball
2-2: SOLO HOME RUN (Flyball, 78XD, EV 95.0 MPH), Distance : 391 ft
Batting: LHB David Correa 0-0: Called Strike
0-1: Foul Ball, location: 2F
0-2: Foul Ball, location: 2F
0-2: Ground out 3-1 (Groundball, 34, EV 81.9 MPH)
Batting: RHB Santiago García 0-0: Ball
1-0: Ball
2-0: Ball
3-0: Called Strike
3-1: Base on Balls
Batting: RHB Clay Winters 0-0: Called Strike
0-1: Ball
1-1: Ball
2-1: Foul Ball, location: 2F
2-2: Foul Ball, location: 2F
2-2: Strikes out looking
Batting: RHB Don Hansen 0-0: Ball
Santiago García is caught stealing 2nd base 2-4
Top of the 5th over - 1 run, 1 hit, 0 errors, 0 left on base; Tacoma 1 - Ottawa 5
BOTTOM OF THE 5TH
Ottawa Nationals batting - Pitching for Tacoma Fur Traders : RHP Chiah-jen Fu
Batting: RHB Colm Sergeant 0-0: Ball
1-0: Ball
2-0: Ball
3-0: Base on Balls
Batting: RHB Tim Christensen 0-0: Ball
1-0: 2-RUN HOME RUN (Flyball, 7D, EV 95.6 MPH), Distance : 368 ft
Batting: RHB Brandon Smith 0-0: Reached on error, E6 (Groundball, 6, EV 85.6 MPH)
Batting: RHB Ramiro Peralta 0-0: Ball
1-0: Called Strike
1-1: Called Strike
1-2: Ball
2-2: Hit by Pitch
Batting: RHB Jon Branch 0-0: Ball
1-0: Swinging Strike
1-1: Fly out, F7 (Flyball, 7LD, EV 90.6 MPH)
Runner from 2nd tags up, SAFE at 3rd, no throw by LF
Batting: LHB Tyler Adams 0-0: Called Strike
0-1: Foul Ball, location: 2F
0-2: Ball
1-2: Fly out, F5 (Popup, 56, EV 71.9 MPH)
Batting: LHB Austin Kirkpatrick 0-0: Swinging Strike
0-1: Foul Ball, location: 2F
0-2: Strikes out swinging
Bottom of the 5th over - 2 runs, 1 hit, 1 error, 2 left on base; Tacoma 1 - Ottawa 7
TOP OF THE 6TH
Tacoma Fur Traders batting - Pitching for Ottawa Nationals : LHP Hong-bin Hark
Batting: RHB Don Hansen 0-0: Ball
1-0: Foul Ball, location: 2F
1-1: Ball
2-1: DOUBLE (Line Drive, 7LM, EV 105.0 MPH)
Batting: RHB Matthew Burch 0-0: Called Strike
0-1: Ball
1-1: Ball
2-1: Foul Ball, location: 2F
2-2: Ball
3-2: Foul Ball, location: 2F
3-2: SINGLE (Groundball, 4D, EV 97.5 MPH)
Don Hansen to third
Batting: LHB Dave Welch 0-0: Ball
1-0: Fly out, F8 (Flyball, 8LXD, EV 90.0 MPH)
Runner from 3rd tags up, SCORES, no throw by CF
Batting: RHB Thomas Jones 0-0: Ball
1-0: Ball
2-0: Called Strike
2-1: Ball
3-1: Fielders Choice at 2nd, 4-6 (Groundball, 34, EV 78.8 MPH)
Batting: LHB Alberto Valdés 0-0: Ball
1-0: Called Strike
1-1: Foul Ball, location: 2F
1-2: Strikes out looking
Top of the 6th over - 1 run, 2 hits, 0 errors, 1 left on base; Tacoma 2 - Ottawa 7
BOTTOM OF THE 6TH
Ottawa Nationals batting - Pitching for Tacoma Fur Traders : RHP Chiah-jen Fu
Batting: RHB Jonathan Price 0-0: SINGLE (Groundball, 5D, EV 104.4 MPH)
Pitching: RHP Domingo Delgado
Batting: LHB Victor Porter 0-0: Ball
1-0: Foul Ball, location: 2F
1-1: Fly out, F3 (Popup, 23, EV 91.2 MPH)
Batting: RHB Colm Sergeant 0-0: Called Strike
0-1: Ball
1-1: Ball
2-1: Foul Ball, location: 2F
2-2: Strikes out swinging
Batting: RHB Tim Christensen 0-0: Ball
1-0: Foul Ball, location: 2F
1-1: Ball
Jonathan Price is caught stealing 2nd base 2-4
Bottom of the 6th over - 0 runs, 1 hit, 0 errors, 0 left on base; Tacoma 2 - Ottawa 7
TOP OF THE 7TH
Tacoma Fur Traders batting - Pitching for Ottawa Nationals : LHP Hong-bin Hark
Batting: RHB José González 0-0: Called Strike
0-1: Ball
1-1: Ball
2-1: Fly out, F8 (Flyball, 8RD, EV 108.1 MPH)
Pitching: RHP Alfonso Rojas
Batting: LHB David Correa 0-0: Ground out 6-3 (Groundball, 6, EV 108.8 MPH)
Batting: RHB Santiago García 0-0: Called Strike
0-1: Ball
1-1: Ball
2-1: Fly out, F7 (Line Drive, 7S, EV 90.6 MPH)
Top of the 7th over - 0 runs, 0 hits, 0 errors, 0 left on base; Tacoma 2 - Ottawa 7
BOTTOM OF THE 7TH
Ottawa Nationals batting - Pitching for Tacoma Fur Traders : RHP Domingo Delgado
Batting: RHB Tim Christensen 0-0: Called Strike
0-1: Ball
1-1: Ball
2-1: Ball
3-1: Swinging Strike
3-2: Strikes out swinging
Batting: RHB Brandon Smith 0-0: Foul Ball, location: 2F
0-1: Foul Ball, location: 2F
0-2: Foul Ball, location: 2F
0-2: Fly out, F4 (Popup, 34S, EV 79.4 MPH)
Batting: RHB Ramiro Peralta 0-0: Called Strike
0-1: Swinging Strike
0-2: Foul Ball, location: 2F
0-2: Ground out 6-3 (Groundball, 6, EV 91.9 MPH)
Bottom of the 7th over - 0 runs, 0 hits, 0 errors, 0 left on base; Tacoma 2 - Ottawa 7
TOP OF THE 8TH
Tacoma Fur Traders batting - Pitching for Ottawa Nationals : RHP Alfonso Rojas
Batting: RHB Clay Winters 0-0: Foul Ball, location: 2F
0-1: Ball
1-1: Foul Ball, location: 2F
1-2: Foul Ball, location: 2F
1-2: Ground out 6-3 (Groundball, 6, EV 105.6 MPH)
Batting: RHB Don Hansen 0-0: Swinging Strike
0-1: Foul Ball, location: 2F
0-2: Foul Ball, location: 2F
0-2: Ball
1-2: Reached on error, E6 (Groundball, 6, EV 85.6 MPH)
Batting: RHB Matthew Burch 0-0: Swinging Strike
0-1: Grounds into double play, 6-4-3 (Groundball, 56, EV 84.4 MPH)
Top of the 8th over - 0 runs, 0 hits, 1 error, 0 left on base; Tacoma 2 - Ottawa 7
BOTTOM OF THE 8TH
Ottawa Nationals batting - Pitching for Tacoma Fur Traders : RHP Domingo Delgado
Batting: RHB Jon Branch 0-0: Called Strike
0-1: Called Strike
0-2: Strikes out swinging
Batting: LHB Tyler Adams 0-0: Called Strike
0-1: Ball
1-1: Fly out, F9 (Flyball, 89D, EV 88.1 MPH)
Batting: LHB Austin Kirkpatrick 0-0: Called Strike
0-1: Foul Ball, location: 2F
0-2: Ball
1-2: Foul Ball, location: 2F
1-2: Ground out 6-3 (Groundball, 56, EV 86.9 MPH)
Bottom of the 8th over - 0 runs, 0 hits, 0 errors, 0 left on base; Tacoma 2 - Ottawa 7
TOP OF THE 9TH
Tacoma Fur Traders batting - Pitching for Ottawa Nationals : RHP Alfonso Rojas
Batting: LHB Dave Welch 0-0: Ball
1-0: Swinging Strike
1-1: Called Strike
1-2: SINGLE (Groundball, 6S, EV 61.2 MPH) (infield hit)
Batting: RHB Thomas Jones 0-0: Fly out, F3 (Popup, 3S, EV 76.2 MPH)
Batting: LHB Alberto Valdés 0-0: Called Strike
0-1: Ball
1-1: Ball
2-1: Foul Ball, location: 2F
2-2: Strikes out swinging
Batting: RHB José González 0-0: Ball
1-0: Foul Ball, location: 2F
1-1: SINGLE (Groundball, 56D, EV 98.8 MPH)
Dave Welch to second
Batting: LHB David Correa 0-0: Called Strike
0-1: Fly out, F7 (Flyball, 7D, EV 90.6 MPH)
Top of the 9th over - 0 runs, 2 hits, 0 errors, 2 left on base; Tacoma 2 - Ottawa 7
Friday, July 7th , 2023 - OOTP Baseball 23.10 Build 110